3AA
GLENDALE HERONS @ BELVEDERE PARK RAWHIDES
07/31/2028
 
TOP OF THE 1ST
Glendale Herons batting - Pitching for Belvedere Park Rawhides : LHP Andrew Holloway
Pitching: LHP Andrew Holloway
Batting: RHB Salvador Bueno 0-0: Ball
1-0: Called Strike
1-1: Foul Ball, location: 2F
1-2: Ball
2-2: Strikes out looking
Batting: SHB Yun-qi Chien 0-0: Ball
1-0: Foul Ball, location: 2F
1-1: Ball
2-1: Ball
3-1: Fly out, F8 (Line Drive, 8LM)
Batting: LHB Jin-song Seah 0-0: Swinging Strike
0-1: Foul Ball, location: 2F
0-2: Strikes out looking
Top of the 1st over - 0 run(s), 0 hit(s), 0 error(s), 0 left on base; Glendale 0 - Belvedere Park 0
BOTTOM OF THE 1ST
Belvedere Park Rawhides batting - Pitching for Glendale Herons : LHP Yoriyoshi Yoshimura
Pitching: LHP Yoriyoshi Yoshimura
Batting: LHB Dan O'Day 0-0: Swinging Strike
0-1: Ball
1-1: Fly out, F6 (Line Drive, 6M)
Batting: RHB José Luque 0-0: Called Strike
0-1: Ground out 6-3 (Groundball, 6)
Batting: RHB Kevin Johnson 0-0: Ball
1-0: Ball
2-0: Called Strike
2-1: Swinging Strike
2-2: Strikes out swinging
Bottom of the 1st over - 0 run(s), 0 hit(s), 0 error(s), 0 left on base; Glendale 0 - Belvedere Park 0
TOP OF THE 2ND
Glendale Herons batting - Pitching for Belvedere Park Rawhides : LHP Andrew Holloway
Batting: RHB Claudio Tappen 0-0: Called Strike
0-1: Ball
1-1: Swinging Strike
1-2: Ball
2-2: Foul Ball, location: 2F
2-2: Foul Ball, location: 2F
2-2: Foul Ball, location: 2F
2-2: Foul Ball, location: 2F
2-2: Foul Ball, location: 2F
2-2: Strikes out looking
Batting: RHB Héctor Moreno 0-0: Ball
1-0: Ball
2-0: Called Strike
2-1: Foul Ball, location: 2F
2-2: Ball
3-2: SOLO HOME RUN (Flyball, 7D), Distance : 396 ft
Batting: LHB Jerry Wilson 0-0: Ball
1-0: Foul Ball, location: 2F
1-1: Ball
2-1: Swinging Strike
2-2: Strikes out swinging
Batting: RHB Augusto Ferrales 0-0: Foul Ball, location: 2F
0-1: Foul Ball, location: 2F
0-2: Foul Ball, location: 2F
0-2: Strikes out swinging
Top of the 2nd over - 1 run(s), 1 hit(s), 0 error(s), 0 left on base; Glendale 1 - Belvedere Park 0
BOTTOM OF THE 2ND
Belvedere Park Rawhides batting - Pitching for Glendale Herons : LHP Yoriyoshi Yoshimura
Batting: RHB José Pérez 0-0: Called Strike
0-1: Swinging Strike
0-2: Strikes out looking
Batting: RHB Warren Willis 0-0: Foul Ball, location: 2F
0-1: Ball
1-1: Swinging Strike
1-2: Foul Ball, location: 2F
1-2: Ball
2-2: Ball
3-2: SINGLE (Flyball, 9LS)
Batting: RHB Nelson Muntz 0-0: Called Strike
0-1: Ball
1-1: Ball
2-1: Called Strike
2-2: Grounds into double play, 5-4-3 (Groundball, 56)
Bottom of the 2nd over - 0 run(s), 1 hit(s), 0 error(s), 0 left on base; Glendale 1 - Belvedere Park 0
TOP OF THE 3RD
Glendale Herons batting - Pitching for Belvedere Park Rawhides : LHP Andrew Holloway
Batting: SHB Pedro Vásquez 0-0: Ball
1-0: Foul Ball, location: 2F
1-1: Foul Ball, location: 2F
1-2: Foul Ball, location: 2F
1-2: Ball
2-2: SINGLE (Flyball, 89S)
Batting: RHB Takechi Okubo 0-0: Ball
1-0: Called Strike
1-1: Swinging Strike
1-2: Strikes out looking
Pedro Vásquez steals 2nd base
Batter strikes out.
Batting: RHB Salvador Bueno 0-0: Called Strike
0-1: Called Strike
Pedro Vásquez steals 3rd base
0-2: Foul Ball, location: 2F
0-2: Strikes out swinging
Batting: SHB Yun-qi Chien 0-0: Called Strike
0-1: Called Strike
0-2: Foul Ball, location: 2F
0-2: Strikes out looking
Top of the 3rd over - 0 run(s), 1 hit(s), 0 error(s), 1 left on base; Glendale 1 - Belvedere Park 0
BOTTOM OF THE 3RD
Belvedere Park Rawhides batting - Pitching for Glendale Herons : LHP Yoriyoshi Yoshimura
Batting: RHB Harry Gibson 0-0: Ball
1-0: Fly out, F8 (Line Drive, 89M)
Batting: SHB Ed Blackett 0-0: Ball
1-0: Ball
2-0: Foul Ball, location: 2F
2-1: Ball
3-1: Bunt for hit - play at first, batter OUT! 1-3
Batting: RHB Walt Norrish 0-0: Ball
1-0: Ball
2-0: Ball
3-0: Base on Balls
Batting: LHB Dan O'Day 0-0: Ball
1-0: Ball
Walt Norrish is caught stealing 2nd base
Bottom of the 3rd over - 0 run(s), 0 hit(s), 0 error(s), 0 left on base; Glendale 1 - Belvedere Park 0
TOP OF THE 4TH
Glendale Herons batting - Pitching for Belvedere Park Rawhides : LHP Andrew Holloway
Batting: LHB Jin-song Seah 0-0: Fly out, F7 (Flyball, 78M)
Batting: RHB Claudio Tappen 0-0: Ball
1-0: Ball
2-0: Called Strike
2-1: Ball
3-1: Base on Balls
Batting: RHB Héctor Moreno 0-0: Ball
1-0: Ball
Claudio Tappen is caught stealing 2nd base
2-0: Foul Ball, location: 2F
2-1: Foul Ball, location: 2F
2-2: Hit by Pitch
Batting: LHB Jerry Wilson 0-0: Called Strike
0-1: Foul Ball, location: 2F
0-2: 2-RUN HOME RUN (Flyball, 9LD), Distance : 357 ft
Batting: RHB Augusto Ferrales 0-0: Foul Ball, location: 2F
0-1: Ball
1-1: Ball
2-1: Ball
3-1: Foul Ball, location: 2F
3-2: DOUBLE (Line Drive, 9LS)
Batting: SHB Pedro Vásquez 0-0: Foul Ball, location: 2F
0-1: Ball
1-1: SINGLE (Flyball, 89S)
Augusto Ferrales to third
Batting: RHB Takechi Okubo 0-0: Ball
1-0: Called Strike
1-1: Ball
2-1: Called Strike
2-2: Fly out, F8 (Flyball, 8RD)
Top of the 4th over - 2 run(s), 3 hit(s), 0 error(s), 2 left on base; Glendale 3 - Belvedere Park 0
BOTTOM OF THE 4TH
Belvedere Park Rawhides batting - Pitching for Glendale Herons : LHP Yoriyoshi Yoshimura
Batting: LHB Dan O'Day 0-0: Called Strike
0-1: Called Strike
0-2: Strikes out swinging
Batting: RHB José Luque 0-0: Ball
1-0: Fly out, F9 (Flyball, 9S)
Batting: RHB Kevin Johnson 0-0: Swinging Strike
0-1: Called Strike
0-2: Fly out, F7 (Line Drive, 78M)
Bottom of the 4th over - 0 run(s), 0 hit(s), 0 error(s), 0 left on base; Glendale 3 - Belvedere Park 0
TOP OF THE 5TH
Glendale Herons batting - Pitching for Belvedere Park Rawhides : LHP Andrew Holloway
Batting: RHB Salvador Bueno 0-0: Ball
1-0: Fly out, F9 (Flyball, 89S)
Batting: SHB Yun-qi Chien 0-0: Called Strike
0-1: Fly out, F6 (Line Drive, 6)
Batting: LHB Jin-song Seah 0-0: Ball
1-0: Called Strike
1-1: Ball
2-1: Foul Ball, location: 2F
2-2: Ball
3-2: Foul Ball, location: 2F
3-2: Strikes out looking
Top of the 5th over - 0 run(s), 0 hit(s), 0 error(s), 0 left on base; Glendale 3 - Belvedere Park 0
BOTTOM OF THE 5TH
Belvedere Park Rawhides batting - Pitching for Glendale Herons : LHP Yoriyoshi Yoshimura
Batting: RHB José Pérez 0-0: Ball
1-0: Swinging Strike
1-1: Ball
2-1: Ball
3-1: Base on Balls
Batting: RHB Warren Willis 0-0: Called Strike
0-1: Ball
1-1: Fly out, F3 (Popup, 3L)
Batting: RHB Nelson Muntz 0-0: Called Strike
0-1: Fly out, F8 (Flyball, 78M)
Batting: RHB Harry Gibson 0-0: Called Strike
0-1: Foul Ball, location: 2F
0-2: Fielders Choice at 2nd, 5-4 (Groundball, 56)
Bottom of the 5th over - 0 run(s), 0 hit(s), 0 error(s), 0 left on base; Glendale 3 - Belvedere Park 0
TOP OF THE 6TH
Glendale Herons batting - Pitching for Belvedere Park Rawhides : LHP Andrew Holloway
Batting: RHB Claudio Tappen 0-0: Fly out, F6 (Popup, 6)
Batting: RHB Héctor Moreno 0-0: Ground out 5-3 (Groundball, 56S)
Batting: LHB Jerry Wilson 0-0: Foul Ball, location: 2F
0-1: Ball
1-1: Ball
2-1: Ball
3-1: Ground out U3 (Groundball, 34)
Top of the 6th over - 0 run(s), 0 hit(s), 0 error(s), 0 left on base; Glendale 3 - Belvedere Park 0
BOTTOM OF THE 6TH
Belvedere Park Rawhides batting - Pitching for Glendale Herons : LHP Yoriyoshi Yoshimura
Batting: SHB Ed Blackett 0-0: Bunted foul
0-1: Ball
1-1: Swinging Strike
1-2: Strikes out swinging
Batting: RHB Walt Norrish 0-0: Ball
1-0: Foul Ball, location: 2F
1-1: Ball
2-1: Ball
3-1: Base on Balls
Batting: LHB Dan O'Day 0-0: Ball
Walt Norrish is caught stealing 2nd base
1-0: Ball
2-0: Foul Ball, location: 2F
2-1: Ball
3-1: Swinging Strike
3-2: Base on Balls
Batting: RHB José Luque 0-0: Called Strike
0-1: Ball
1-1: Ball
2-1: Called Strike
Dan O'Day steals 2nd base
2-2: Foul Ball, location: 2F
2-2: Foul Ball, location: 2F
2-2: Fly out, F6 (Line Drive, 56)
Bottom of the 6th over - 0 run(s), 0 hit(s), 0 error(s), 1 left on base; Glendale 3 - Belvedere Park 0
TOP OF THE 7TH
Glendale Herons batting - Pitching for Belvedere Park Rawhides : LHP Andrew Holloway
Pitching: LHP Arnold Berry
Batting: RHB Augusto Ferrales 0-0: Swinging Strike
0-1: Called Strike
0-2: Ball
1-2: Foul Ball, location: 2F
1-2: Foul Ball, location: 2F
1-2: DOUBLE (Line Drive, 89D)
Batting: SHB Pedro Vásquez 0-0: Foul Ball, location: 2F
0-1: Ground out U3 (Groundball, 34S)
Augusto Ferrales to third
Batting: RHB Takechi Okubo 0-0: Intentional Walk
Batting: RHB Salvador Bueno 0-0: Ball
1-0: Called Strike
1-1: Swinging Strike
1-2: SINGLE (Line Drive, 8RS)
Augusto Ferrales scores
Takechi Okubo to second
Batting: SHB Yun-qi Chien 0-0: Ball
1-0: Foul Ball, location: 2F
1-1: Swinging Strike
1-2: Strikes out swinging
Batting: LHB Jin-song Seah 0-0: Swinging Strike
0-1: Foul Ball, location: 2F
0-2: SINGLE (Groundball, 34D)
Takechi Okubo to third
Salvador Bueno to second
Runner from 3rd tries for Home, SAFE, throw made home
Salvador Bueno to third
Jin-song Seah to second
Batting: RHB Claudio Tappen 0-0: Foul Ball, location: 2F
0-1: SINGLE (Groundball, 6MD)
Salvador Bueno scores
Jin-song Seah to third
Runner from 3rd tries for Home, SAFE, no throw
Pitching: LHP Javier Browne
Batting: RHB Héctor Moreno 0-0: Ball
1-0: Ball
2-0: Ball
3-0: Base on Balls
Claudio Tappen to second
Batting: LHB Jerry Wilson 0-0: 3-RUN HOME RUN (Flyball, 78XD), Distance : 429 ft
Batting: RHB Augusto Ferrales 0-0: Ground out 1-3 (Groundball, 15)
Top of the 7th over - 7 run(s), 5 hit(s), 0 error(s), 0 left on base; Glendale 10 - Belvedere Park 0
BOTTOM OF THE 7TH
Belvedere Park Rawhides batting - Pitching for Glendale Herons : LHP Yoriyoshi Yoshimura
Batting: RHB Kevin Johnson 0-0: Ball
1-0: Called Strike
1-1: Ball
2-1: Foul Ball, location: 2F
2-2: Ball
3-2: Base on Balls
Batting: RHB José Pérez 0-0: Fly out, F9 (Flyball, 9LMF)
Batting: RHB Warren Willis
Pinch Hitting: RHB Jorge López 0-0: Ball
Kevin Johnson is caught stealing 2nd base
1-0: Foul Ball, location: 2F
1-1: Foul Ball, location: 2F
1-2: Fly out, F8 (Flyball, 8LS)
Bottom of the 7th over - 0 run(s), 0 hit(s), 0 error(s), 0 left on base; Glendale 10 - Belvedere Park 0
TOP OF THE 8TH
Glendale Herons batting - Pitching for Belvedere Park Rawhides : LHP Javier Browne
Now at 1B: Jorge López
Batting: SHB Pedro Vásquez 0-0: DOUBLE (Line Drive, 9LS)
Batting: RHB Takechi Okubo 0-0: Called Strike
0-1: Ball
1-1: 2-RUN HOME RUN (Flyball, 7LD), Distance : 387 ft
Pitching: RHP Esteban Marino
Batting: RHB Salvador Bueno 0-0: Called Strike
0-1: Foul Ball, location: 2F
0-2: Fly out, F8 (Flyball, 8RS)
Batting: SHB Yun-qi Chien 0-0: Foul Ball, location: 2F
0-1: Called Strike
0-2: Foul Ball, location: 2F
0-2: Ball
1-2: Strikes out swinging
Batting: LHB Jin-song Seah 0-0: SINGLE (Groundball, 4D)
Batting: RHB Claudio Tappen 0-0: Ball
Jin-song Seah is caught stealing 2nd base
Top of the 8th over - 2 run(s), 3 hit(s), 0 error(s), 0 left on base; Glendale 12 - Belvedere Park 0
BOTTOM OF THE 8TH
Belvedere Park Rawhides batting - Pitching for Glendale Herons : LHP Yoriyoshi Yoshimura
Now at SS: Jesús Herrera
Batting: RHB Nelson Muntz 0-0: Ball
1-0: Ball
2-0: Fly out, F8 (Flyball, 8RM)
Batting: RHB Harry Gibson 0-0: Called Strike
0-1: Foul Ball, location: 2F
0-2: Ball
1-2: Foul Ball, location: 2F
1-2: Ball
2-2: Fly out, F6 (Line Drive, 6M)
Batting: SHB Ed Blackett 0-0: Ground out 4-3 (Groundball, 4)
Bottom of the 8th over - 0 run(s), 0 hit(s), 0 error(s), 0 left on base; Glendale 12 - Belvedere Park 0
TOP OF THE 9TH
Glendale Herons batting - Pitching for Belvedere Park Rawhides : RHP Esteban Marino
Batting: RHB Claudio Tappen 0-0: Ball
1-0: Ball
2-0: Foul Ball, location: 2F
2-1: Swinging Strike
2-2: Ball
3-2: Fly out, F4 (Line Drive, 4)
Batting: RHB Héctor Moreno 0-0: Ball
1-0: Ball
2-0: Ball
3-0: Called Strike
3-1: Base on Balls
Batting: LHB Jerry Wilson 0-0: Ball
1-0: Ball
2-0: Called Strike
2-1: Ball
3-1: Base on Balls
Héctor Moreno to second
Batting: RHB Augusto Ferrales 0-0: Ball
1-0: Called Strike
1-1: Called Strike
1-2: SINGLE (Groundball, 34S) (infield hit)
Héctor Moreno to third
Jerry Wilson to second
Batting: SHB Pedro Vásquez 0-0: SINGLE (Groundball, 25) (infield hit)
Héctor Moreno scores
Jerry Wilson to third
Augusto Ferrales to second
Batting: RHB Takechi Okubo 0-0: SINGLE (Groundball, 6MD)
Jerry Wilson scores
Augusto Ferrales to third
Pedro Vásquez to second
Runner from 3rd tries for Home, SAFE, no throw
Batting: SHB Jesús Herrera 0-0: Called Strike
0-1: Called Strike
0-2: Fielders Choice at 2nd, 6-4 (Groundball, 6)
Pedro Vásquez to third
Batting: SHB Yun-qi Chien 0-0: Ball
1-0: 3-RUN HOME RUN (Flyball, 9LD), Distance : 358 ft
Pitching: RHP Alfredo Velásquez
Pinch Hitting: RHB Álex Cordero 0-0: Fly out, F9 (Flyball, 9S)
Top of the 9th over - 6 run(s), 4 hit(s), 0 error(s), 0 left on base; Glendale 18 - Belvedere Park 0
BOTTOM OF THE 9TH
Belvedere Park Rawhides batting - Pitching for Glendale Herons : LHP Yoriyoshi Yoshimura
Now at C: Santiago Ramos
Now at 1B: José Rodríguez
Now in LF: Álex Cordero
Batting: RHB Walt Norrish 0-0: Ball
1-0: SINGLE (Groundball, 56D)
Pitching: LHP Sammy Nash
Batting: LHB Dan O'Day 0-0: Fly out, F7 (Flyball, 7LSF)
Batting: RHB José Luque 0-0: Called Strike
0-1: Swinging Strike
0-2: Strikes out swinging
Batting: RHB Kevin Johnson 0-0: Called Strike
0-1: Ball
1-1: Foul Ball, location: 2F
1-2: Strikes out looking
Bottom of the 9th over - 0 run(s), 1 hit(s), 0 error(s), 1 left on base; Glendale 18 - Belvedere Park 0
Monday, August 21st, 2017 - OOTP Baseball 17.12 Build 75